 Dungeon Crawl Stone Soup version 0.29.0-7-g18a832c13a (webtiles) character file.

Game seed: 14026184442433358980

12547 SensoryNuts the Carver (level 11, -3/92 HPs)
             Began as a Purple Draconian Brigand on Aug 30, 2022.
             Was a High Priest of Elyvilon.
             Slain by an orc warrior
             ... wielding a +0 trident
             ... led by Saint Roka
              (11 damage)
             ... on level 1 of the Orcish Mines.
             The game lasted 00:21:50 (17442 turns).

SensoryNuts the Carver (Purple Draconian Brigand)  Turns: 17442, Time: 00:21:51

Health: -3/92      AC: 11    Str: 13    XL:     11   Next: 63%
Magic:  11/11      EV: 16    Int: 10    God:    Elyvilon [*****.]
Gold:   1020       SH: 12    Dex: 21    Spells: 10/10 levels left

rFire   + . .      SeeInvis .   x - +6 long sword (venom)
rCold   x . .      Faith    .   s - +0 buckler
rNeg    . . .      Spirit   .   (body armour unavailable)
rPois   .          Reflect  +   i - +2 hat
rElec   .          Harm     .   b - +0 cloak
rCorr   .          Rampage  .   (no gloves)
Will    ++...                   n - +0 pair of boots
Stlth   ++++......              l - amulet of reflection
HPRegen 0.25/turn               m - ring "Ocextegg" {Fire Fly}
MPRegen 0.12/turn               (no ring)

@: flying, studying Staves
A: breathe power, AC +7, unfitting armour, cold-blooded, stinger 1, agile 1,
strong-willed 1
a: Breathe Dispelling Energy, Renounce Religion, Purification, Heal Other, Heal
Self, Divine Vigour


You were on level 1 of the Orcish Mines.
You worshipped Elyvilon.
Elyvilon was extremely pleased with you.
You visited 3 branches of the dungeon, and saw 14 of its levels.
You also visited: Ossuary.

You collected 1108 gold pieces.
You spent 88 gold pieces at shops.

Inventory:

Hand Weapons
 x - a +6 long sword of venom (weapon)
Missiles
 C - a throwing net (quivered)
Armour
 b - a +0 cloak (worn)
 i - a +2 hat (worn)
 n - a +0 pair of boots (worn)
 s - a +0 buckler (worn)
Jewellery
 l - an amulet of reflection (around neck)
 m - the ring "Ocextegg" (left hand) {Fire Fly}
   (You found it on level 4 of the Dungeon)

   [ring of fire]

   It enhances your fire magic.
   rF:        It protects you from fire.
   rC:        It makes you vulnerable to cold.
   Fly:       It grants you flight.
 o - a ring of resist corrosion
Wands
 c - a wand of iceblast (1)
 k - a wand of mindburst (31)
 y - a wand of polymorph (8)
 F - a wand of acid (7)
Scrolls
 a - 3 scrolls of identify
 e - 3 scrolls of teleportation
 h - a scroll of amnesia
 r - 2 scrolls of fear
 u - 5 scrolls of noise
 v - 3 scrolls of butterflies
Potions
 d - 3 potions of flight
 f - 6 potions of cancellation
 g - 5 potions of attraction
 j - 3 potions of curing
 w - 3 potions of haste
 z - 2 potions of mutation
 D - a potion of brilliance
 E - 2 potions of lignification


   Skills:
 + Level 7.1 Fighting
 - Level 2.9(9.1) Short Blades
 * Level 13.3(13.4) Long Blades
 + Level 2.4 Throwing
 + Level 6.4 Dodging
 + Level 6.5 Stealth
 + Level 6.8 Shields


You had 10 spell levels left.
You didn't know any spells.
Your spell library contained the following spells:

 Spells                   Type           Power      Damage    Failure   Level
 Ozocubu's Armour         Ice            0%         N/A       82%         3
 Summon Forest            Summ/Tloc      0%         N/A       100%        5
 Eringya's Noxious Bog    Tmut/Pois      0%         N/A       100%        6
 Ozocubu's Refrigeration  Ice            0%         4d7       100%        7
 Summon Hydra             Summ           0%         N/A       100%        7


Dungeon Overview and Level Annotations

Branches:
Dungeon (11/15)            Temple (1/1) D:4             Orc (2/2) D:10
Ossuary (visited)
   Lair: D:8-11         Elf: Orc:2

Altars:
Ashenzari
Cheibriados
Dithmenos
Elyvilon
Fedhas
Gozag
Hepliaklqana
Kikubaaqudgha
Makhleb
Nemelex Xobeh
Okawaru
Qazlal
Ru
Sif Muna
Trog
Uskayaw
Vehumet
Wu Jian
Xom
Yredelemnul
Zin
The Shining One

Shops:
D:2 **[*   D:5 *   D:8 *   D:9 *   Orc:1 !

Annotations:
D:8 exclusion: ice statue
D:10 exclusion: obsidian statue
Orc:2 Nessos, Saint Roka


Innate Abilities, Weirdness & Mutations

You can breathe bolts of dispelling energy.
Your rich purple scales are hard. (AC +7)
You cannot fit into any form of body armour.
You are cold-blooded and may be slowed by cold attacks.
Your tail ends in a venomous barb.
You are agile. (Dex +4, Str/Int -1)
You are strong-willed. (Will+)


Message History

Your orc's corpse dissolves into shadows!
Your orc wizard points at the orc warrior and mumbles some strange words.
The puff of flame misses the orc warrior.
Your orc wizard gestures at the orc warrior while chanting.
The orc warrior appears confused.
Unknown command.
Unknown command.
You swap places.
Your orc dissolves into shadows!
The orc warrior hits your orc wizard with a +0 trident.
Your orc wizard hits the orc warrior but does no damage.
Your orc barely misses the orc warrior.
The orc warrior hits your orc wizard with a +0 trident!
Your orc wizard is killed!
Your orc wizard's corpse dissolves into shadows!
Your orc hits the orc warrior with a +0 dagger.
There is a stone staircase leading down, spattered with blood here.
Your orc dissolves into shadows!
The orc warrior hits your orc wizard with a +0 trident!
Your orc wizard hits the orc warrior with a +0 dagger.
Items here: ( )))) [[[[.
Okay, then.
An orc warrior is nearby!
An orc warrior is nearby!
You are too injured to fight recklessly!
Your orc dissolves into shadows!
Your orc wizard hits the orc warrior but does no damage.
The orc warrior seems less confused.
The orc warrior hits you with a +0 trident!
* * * LOW HITPOINT WARNING * * *
Your orc wizard barely misses the orc warrior.
You block the orc warrior's attack.
Your orc wizard hits the orc warrior but does no damage.
The orc warrior hits you with a +0 trident!
* * * LOW HITPOINT WARNING * * *
Your orc wizard misses the orc warrior.
You closely miss the orc warrior.
The orc warrior is almost dead.
The orc warrior hits you with a +0 trident!
You die...

#....#..>...#.#..#.#
##..#####...#...#...## ###
####....# ##..###.......#
##.####.###...###....#.#......#
....##..##.#...##............##
.#.####..###......###......###
...###.^...##......##.....##
...#.......##.......##....#
#..#.......#....@....#...##
.....#.###....##oo..######
###..####.....#.#.....##
#....####....#...#[))#.##
..<.).##).....#..o.>[...#
.)..#.....###......[##.##
...#......# #....#...###
..###....## ##..###.## .##
##.#.# #### ###


You could see an orc warrior (ally target) and a friendly orc wizard (summoned,
invisible).

Vanquished Creatures
  Harold (D:9)
  A two-headed ogre (D:10)
  An orc high priest (Orc:1)
  The ghost of ragingrage the Cleaver, a novice MiGl (D:7)
  An orc sorcerer (Orc:1)
  An unseen horror (D:10)
  A kobold demonologist (D:11)
  An ice devil (D:8)
  2 trolls
  3 hornets
  The ghost of mdonais the Trooper, an amateur DjCK of Xom (D:5)
  A wraith (D:10)
  Sigmund (D:4)
  A shadow (D:10)
  4 yaks
  A wyvern (D:9)
  A steam dragon (D:7)
  A vampire mosquito (D:11)
  2 wargs (Orc:1)
  3 water moccasins
  10 orc warriors
  A black bear (D:8)
  2 sky beasts
  3 ogres
  An ice beast (D:7)
  6 centaurs
  2 phantoms
  Blork the orc (D:4)
  A kobold brigand (D:7)
  2 bullfrogs
  A gnoll sergeant (D:7)
  A necrophage (D:5)
  A scorpion (D:6)
  4 wights (D:6)
  14 killer bees
  A howler monkey (D:6)
  2 centaur zombies (Ossuary)
  4 jellies
  3 hounds
  12 orc priests
  Crazy Yiuf (D:6)
  A gnoll bouda (D:7)
  Jessica (D:2)
  Natasha (thrice) (D:2)
  5 iguanas
  15 orc wizards
  4 mummies (Ossuary)
  9 adders
  8 gnolls
  2 shadow imps
  5 white imps
  3 ufetubi
  A worm (D:5)
  4 dart slugs
  58 orcs
  12 ball pythons
  11 endoplasms
  5 giant cockroaches
  A gnoll zombie (Ossuary)
  7 hobgoblins
  4 jackals (D:1)
  9 kobolds
  3 quokkas (D:2)
  4 bats
  5 frilled lizards
  5 goblins
  4 kobold zombies (Ossuary)
  An orc zombie (Ossuary)
  4 rats
296 creatures vanquished.

Vanquished Creatures (collateral kills)
  An ettin (Orc:1)
1 creature vanquished.

Vanquished Creatures (others)
  16 fungi (Orc:2)
  5 plants (D:4)
21 creatures vanquished.

Grand Total: 318 creatures vanquished

Notes
Turn   | Place    | Note
-------+----------+-------------------------------------------
     0 | D:1      | SensoryNuts the Draconian Brigand began the quest for the
                  | Orb.
     0 | D:1      | Reached XP level 1. HP: 17/17 MP: 1/1
   123 | D:1      | Reached skill level 1 in Dodging
   319 | D:1      | Reached skill level 1 in Long Blades
   326 | D:1      | Reached XP level 2. HP: 13/24 MP: 2/2
  1026 | D:2      | Found a faded altar of an unknown god.
  1158 | D:2      | Reached XP level 3. HP: 18/29 MP: 3/3
  1287 | D:2      | Found Noxket's General Store.
  1437 | D:2      | Found Teis's Antique Armour Shoppe.
  1447 | D:2      | Noticed Natasha
  1452 | D:2      | Killed Natasha
  1553 | D:2      | Reached XP level 4. HP: 37/37 MP: 4/4
  1670 | D:2      | Noticed Natasha
  1687 | D:2      | Killed Natasha
  1812 | D:2      | Found a glowing silver altar of Zin.
  1894 | D:2      | Noticed Natasha
  1908 | D:2      | Killed Natasha
  1909 | D:2      | Reached skill level 2 in Long Blades
  2114 | D:2      | Reached XP level 5. HP: 42/42 MP: 5/5
  2230 | D:2      | Noticed Jessica
  2240 | D:2      | Killed Jessica
  2400 | D:2      | Found Ehaf's General Store.
  2424 | D:2      | Bought a +0 long sword for 45 gold pieces
  2520 | D:2      | Found Axyon's Assorted Antiques.
  3631 | D:4      | Identified the ring "Ocextegg" {Fire Fly}
  3675 | D:4      | Found a staircase to the Ecumenical Temple.
  3693 | D:4      | Reached skill level 5 in Stealth
  3697 | D:4      | Reached skill level 3 in Long Blades
  3697 | D:4      | Reached XP level 6. HP: 32/50 MP: 6/6
  3923 | Temple   | Entered the Ecumenical Temple
  4080 | Temple   | Became a worshipper of Elyvilon the Healer
  4473 | D:4      | Noticed a water moccasin
  4484 | D:4      | Killed a water moccasin
  4485 | D:4      | Reached skill level 4 in Long Blades
  4552 | D:4      | Noticed Blork the orc
  4903 | D:4      | Noticed Sigmund
  4927 | D:4      | Killed Sigmund
  4928 | D:4      | Reached skill level 1 in Shields
  4928 | D:4      | Your scales start taking on a rich purple colour.
  4928 | D:4      | Reached XP level 7. HP: 36/57 MP: 7/7
  5063 | D:4      | Reached skill level 5 in Long Blades
  5204 | D:4      | Killed Blork the orc
  5634 | D:4      | Reached * piety under Elyvilon
  5653 | D:5      | Entered Level 5 of the Dungeon
  5684 | D:5      | Reached skill level 6 in Long Blades
  5801 | D:5      | Found Memafo Cala's Assorted Antiques.
  5806 | D:5      | Bought a smoky puce potion for 13 gold pieces
  5806 | D:5      | Bought a scroll of identify for 30 gold pieces
  5823 | D:5      | Reached XP level 8. HP: 39/66 MP: 8/8
  6301 | D:5      | Reached skill level 7 in Long Blades
  6683 | D:5      | Found a runed translucent door.
  6912 | D:5      | Noticed mdonais's ghost (amateur DjCK)
  6932 | D:5      | Killed mdonais's ghost
  6933 | D:5      | Reached skill level 8 in Long Blades
  7144 | D:6      | Reached XP level 9. HP: 71/72 MP: 9/9
  7260 | D:6      | Reached ** piety under Elyvilon
  7278 | D:6      | Found a sand-covered staircase.
  7316 | Ossuary  | Entered an ossuary
  7552 | Ossuary  | Gained mutation: Your mind is acute. (Int +4, Str/Dex -1)
                  | [potion of mutation]
  7552 | Ossuary  | Gained mutation: You have a pair of small antennae on your
                  | head. [potion of mutation]
  7553 | Ossuary  | Lost mutation: Your mind is acute. (Int +4, Str/Dex -1)
                  | [potion of mutation]
  7553 | Ossuary  | Lost mutation: You have a pair of small antennae on your
                  | head. [potion of mutation]
  7553 | Ossuary  | Gained mutation: You are agile. (Dex +4, Str/Int -1)
                  | [potion of mutation]
  7553 | Ossuary  | Gained mutation: You are strong-willed. (Will+) [potion of
                  | mutation]
  7553 | Ossuary  | Gained mutation: Your tail ends in a venomous barb. [potion
                  | of mutation]
  7593 | D:6      | Reached skill level 9 in Long Blades
  7867 | D:6      | Found a runed translucent door.
  7868 | D:6      | Noticed Crazy Yiuf
  8302 | D:6      | Found an opulent altar of Gozag.
  8585 | D:6      | Killed Crazy Yiuf
  8976 | D:7      | Paralysed by a hornet for 2 turns
  8984 | D:7      | Reached skill level 10 in Long Blades
  9115 | D:7      | Found a shadowy altar of Dithmenos.
  9140 | D:7      | Found a large runed translucent door.
  9140 | D:7      | Found a large runed translucent door.
  9244 | D:7      | Noticed ragingrage's ghost (novice MiGl)
  9429 | D:7      | Reached skill level 5 in Fighting
  9456 | D:7      | Reached XP level 10. HP: 60/81 MP: 10/10
  9615 | D:7      | Reached *** piety under Elyvilon
  9682 | D:7      | Found a basalt altar of Yredelemnul.
  9883 | D:7      | Killed ragingrage's ghost
  9884 | D:7      | Reached skill level 11 in Long Blades
 10079 | D:8      | Found Fysil's Overcharged Wands.
 10438 | D:8      | Noticed an ice statue
 10619 | D:8      | Reached **** piety under Elyvilon
 12036 | D:9      | Noticed Harold
 12086 | D:9      | Reached skill level 5 in Dodging
 12241 | D:9      | Reached skill level 5 in Shields
 12451 | D:9      | Found a faded altar of an unknown god.
 12610 | D:9      | Killed Harold
 12727 | D:9      | Found Fiomicwa's Neck Hole.
 12891 | D:10     | Entered Level 10 of the Dungeon
 12891 | D:10     | Noticed a two-headed ogre
 12891 | D:10     | Reached ***** piety under Elyvilon
 12906 | D:10     | Killed a two-headed ogre
 12907 | D:10     | Reached skill level 12 in Long Blades
 13071 | D:10     | Noticed an obsidian statue
 13418 | D:10     | Reached XP level 11. HP: 65/89 MP: 11/11
 13979 | D:10     | Found a staircase to the Orcish Mines.
 14139 | D:10     | Found a blossoming altar of Fedhas.
 14142 | D:10     | Found a hazy altar of Hepliaklqana.
 14165 | D:10     | Found a shimmering blue altar of Sif Muna.
 14461 | D:11     | Noticed a five-headed hydra
 14884 | D:11     | Noticed a deep elf pyromancer
 14912 | D:11     | Noticed a white ugly thing
 15252 | Orc:1    | Entered Level 1 of the Orcish Mines
 15268 | Orc:1    | Noticed an ettin
 15513 | Orc:1    | Killed an ettin
 15612 | Orc:1    | Found Qiseegef's Distillery.
 15717 | Orc:2    | Entered Level 2 of the Orcish Mines
 15820 | Orc:2    | Noticed Saint Roka
 15839 | Orc:1    | Reached skill level 13 in Long Blades
 15994 | Orc:2    | Noticed an orc sorcerer
 16001 | Orc:2    | Noticed an orc sorcerer
 16009 | Orc:1    | Elyvilon protects you from harm!
 16325 | Orc:2    | Noticed Nessos
 16448 | Orc:1    | Killed an orc sorcerer
 16938 | Orc:2    | Noticed an orc high priest
 16944 | Orc:1    | HP: 3/92 [poisoned by Nessos]
 17409 | Orc:2    | Noticed an orc knight
 17419 | Orc:1    | Killed an orc high priest
 17442 | Orc:1    | Slain by an orc warrior

Illustrated notes

Levels and vault maps discovered:
D:1:      spicycebolla_arrival_xxxplode, layout_loops_ring,
          nicolae_concentric_dashed_squares_wild
D:2:      layout_basic, serial_shops, shop_fountains,
          nicolae_shop_window_shopping, shop, shop,
          shapermc_ecumenical_altar_totnotflames, basic_altar,
          minmay_misc_feat_secret_circle, hangedman_decor_riveting,
          st_stairs_10, kennysheep_jessica_study, uniq_natasha
D:3:      layout_basic
D:4:      wander_river, layout_basic, minmay_temple_entry_butterflies,
          guppyfry_early_lair_pool, uniq_blork_the_orc, uniq_sigmund
D:5:      layout_loops_cross, ebering_ghost_reflecting_pool, serial_shops, shop,
          minmay_manual_mares
D:6:      layout_loops_ring, mainiacjoe_overflow_brackets,
          nicolae_ossuary_entry_ruins, uniq_crazy_yiuf_cottage
D:7:      minmay_angry_zag, layout_cave_pools, lemuel_coloured_pillars_altar,
          grunt_dithmenos_smoke, ebering_ghost_disaster_area,
          minmay_misc_feat_doors
D:8:      cheibrodos_frozen_isle, layout_basic, nicolae_shop_overcharged_wands
D:9:      layout_cave_pools, serial_column_ruins, column_ruins_temple_circle,
          column_ruins_hut_ruined, column_ruins_grid_4,
          column_ruins_columns_straight, column_ruins_grid_1,
          column_ruins_grid_1, column_ruins_open_small,
          column_ruins_columns_straight, nicolae_shop_sticking_my_neck_out,
          uniq_harold
D:10:     layout_loops_ring, chequers_temple_overflow_statue_of_worship,
          nicolae_sif_muna_little_library, hiddenorc2_lemuel, minivault_16
D:11:     hangedman_cross_cluster, layout_basic, david_lair_generic,
          gauntlet_entry_generic
Temple:   regret_index_temple_sphere_string
Orc:1:    layout_diamond_mine, serial_shops, nicolae_shop_stone
Orc:2:    grunt_orc_gardens, layout_caves, grunt_orc_garden, grunt_orc_garden,
          grunt_orc_garden, grunt_orc_garden, uniq_saint_roka, uniq_nessos

Skill      XL: |  1  2  3  4  5  6  7  8  9 10 11 |
---------------+----------------------------------+-----
Dodging        | 1 2 3 4 5 6 |  6.4
Long Blades    | 1 2 3 4 6 8 10 12 13 | 13.3
Stealth        | 4 5 6 |  6.5
Fighting       | 3 4 5 6 7 |  7.1
Shields        | 1 2 3 4 5 6 |  6.8
Throwing       | 2 |  2.4
Short Blades   | |  2.9

Action                   |  1- 3 |  4- 6 |  7- 9 | 10-12 || total
-------------------------+-------+-------+-------+-------++-------
Melee: Short sword       |   108 |   112 |       |       ||   220
       Tailslap          |    13 |    25 |    63 |    80 ||   181
       Dagger            |     1 |       |       |       ||     1
       Punch             |     1 |     2 |       |       ||     3
       Long sword        |       |   120 |   444 |   401 ||   965
Throw: Dart              |       |       |       |    19 ||    19
 Abil: Breathe Dispellin |       |       |     2 |    15 ||    17
Evoke: Wand              |       |       |       |     1 ||     1
  Use: Scroll            |     2 |     6 |    11 |    13 ||    32
       Potion            |       |     1 |     3 |    10 ||    14
 Stab: Sleeping          |     8 |    14 |    14 |     4 ||    40
       Distracted        |       |       |     1 |     1 ||     2
       Invisible         |       |       |       |     1 ||     1
Armor: Skin              |    46 |    84 |   131 |   108 ||   369
Dodge: Dodged            |    64 |   127 |   204 |   222 ||   617
Block: Other             |       |    19 |       |       ||    19
       Buckler           |       |    13 |   228 |   273 ||   514
       Reflection        |       |       |     7 |    16 ||    23
